 Dungeon Crawl Stone Soup version bcrawl-1.12.2 (webtiles) character file.

Game seed: 4158339787718853861

258 Ebbett the Grave Robber (level 6, 0/44 HPs)
             Began as a Gnoll Necromancer on July 23, 2019.
             Slain by a phantom (7 damage)
             ... on level 4 of the Dungeon.
             The game lasted 00:12:41 (3183 turns).

Ebbett the Grave Robber (Gnoll Necromancer)         Turns: 3183, Time: 00:12:42

Health: 0/44       AC:  2    Str: 10    XL:     6   Next: 16%
Magic:  10/13      EV: 15    Int: 17    God:
Gold:   281        SH:  0    Dex: 16    Spells: 2/15 levels left

rFire    . . .     SeeInvis +   t - -3 mace (curse)
rCold    . . .     Gourm    .   (no shield)
rNeg     . . .     Faith    .   b - +0 robe
rPois    .         Spirit   .   (no helmet)
rElec    .         Reflect  .   (no cloak)
rCorr    .         Harm     .   (no gloves)
MR       .....                  (no boots)
Stlth    +++.......             (no amulet)
HPRegen  0.14/turn              l - +3 ring of slaying (curse)
MPRegen  0.13/turn              (no ring)

@: no status effects
A: distributed training, fangs 1, hooves 1, see invisible, dopey 1, strong nose
a: no special abilities


You were on level 4 of the Dungeon.
You were near starving.

You visited 1 branch of the dungeon, and saw 4 of its levels.

You collected 281 gold pieces.

Inventory:

Hand Weapons
 a - a +0 dagger
 k - a +0 long sword
 q - a +1 scythe
 t - a cursed -3 mace (weapon)
Armour
 b - a +0 robe (worn)
Jewellery
 l - a cursed +3 ring of slaying (left hand)
Wands
 r - a wand of random effects (5)
Scrolls
 c - a scroll of immolation
 m - a scroll of noise
Potions
 g - 2 potions of degeneration
Comestibles
 d - 4 rations {!d}


   Skills:
 + Level 1.8 Fighting
 + Level 1.8 Short Blades
 + Level 1.8 Long Blades
 + Level 1.8 Axes
 + Level 1.8 Maces & Flails
 + Level 1.8 Polearms
 + Level 1.8 Staves
 + Level 1.8 Slings
 + Level 1.8 Bows
 + Level 1.8 Crossbows
 + Level 1.8 Throwing
 + Level 1.8 Armour
 + Level 4.9 Dodging
 + Level 4.9 Stealth
 + Level 1.8 Shields
 + Level 1.8 Unarmed Combat
 + Level 5.3 Spellcasting
 + Level 1.4 Conjurations
 + Level 1.4 Hexes
 + Level 1.4 Charms
 + Level 1.4 Summonings
 + Level 7.2 Necromancy
 + Level 1.4 Translocations
 + Level 1.4 Transmutations
 + Level 1.4 Fire Magic
 + Level 1.4 Ice Magic
 + Level 1.4 Air Magic
 + Level 1.4 Earth Magic
 + Level 1.4 Poison Magic
 + Level 2.0 Invocations
 + Level 1.8 Evocations


You had 2 spell levels left.
You knew the following spells:

 Your Spells              Type           Power        Failure   Level  Hunger
a - Pain                  Necr           ####         1%          1    None
b - Animate Dead          Necr           N/A          7%          4    ####...
c - Bolt of Draining      Conj/Necr      ###.......   54%         5    ######.
d - Regeneration          Chrm/Necr      ###.......   7%          3    ##.....

Your spell library contained the following spells:

 Spells                   Type           Power        Failure   Level  Hunger
 Animate Skeleton         Necr           N/A          1%          1    None
 Vampiric Draining        Necr           ####......   1%          3    ##.....


Dungeon Overview and Level Annotations

Branches:
Dungeon (4/12)
 Temple: D:4-7

Altars:


Innate Abilities, Weirdness & Mutations

Your experience applies equally to all skills.
You have very sharp teeth.
Your uncanny sense of smell can sniff out nearby items.
You have large cloven feet.
You have supernaturally acute eyesight. (SInv)
You are dopey. (Int -2)


Message History

Memorise Regeneration, consuming 3 spell levels and leaving 2?
You start memorising the spell.
You continue memorising. x3
You finish memorising.
Spell assigned to 'd'.
Casting: Animate Dead (safe; 7% risk of failure)
Confirm with . or Enter, or press ? or * to list all spells.
Your skin crawls.
Your skin is crawling a little less now.
The phantom blinks!
The phantom hits you!
* * * LOW HITPOINT WARNING * * *
The phantom blinks!
The phantom blinks!
Your skin stops crawling.
The phantom blinks!
You barely miss the phantom.
The phantom is moderately damaged.
The phantom hits you!
* * * LOW HITPOINT WARNING * * *
The phantom hits you!
You die...

#############.
#.............
#.####@.#####.
#######.#...W.#
#..)..#.#.##.####
#.###.#.#........
#.# #.#.#..#.#####
#.# #.#.#.<.......
∆
#.###.#.#.##.#####
#.#........#...
#.#.....#.######


You could see a phantom.

Vanquished Creatures
  A hound (D:4)
  2 orc priests (D:3)
  An orc wizard (D:3)
  Robin (D:3)
  3 adders
  An ooze (D:3)
  2 worms
  A dart slug (D:1)
  2 leopard geckos
  5 orcs (D:3)
  4 bats
  2 giant cockroaches
  15 goblins
  14 hobgoblins
  8 jackals
  3 kobolds
  2 quokkas
  5 frilled lizards
  A quokka skeleton (D:4)
  4 rats
77 creatures vanquished.

Vanquished Creatures (collateral kills)
  A worm (D:3)
  A frilled lizard (D:3)
2 creatures vanquished.

Grand Total: 79 creatures vanquished

Notes
Turn   | Place    | Note
-------+----------+-------------------------------------------
     0 | D:1      | Ebbett the Gnoll Necromancer began the quest for the Orb.
     0 | D:1      | Reached XP level 1. HP: 13/13 MP: 6/6
    88 | D:1      | Reached XP level 2. HP: 12/19 MP: 2/7
   356 | D:1      | Reached XP level 3. HP: 5/25 MP: 1/9
   610 | D:1      | Reached skill level 5 in Spellcasting
   942 | D:2      | Reached skill level 1 in Invocations
  1325 | D:2      | Reached skill level 1 in Fighting
  1325 | D:2      | Reached skill level 1 in Short Blades
  1325 | D:2      | Reached skill level 1 in Long Blades
  1325 | D:2      | Reached skill level 1 in Axes
  1325 | D:2      | Reached skill level 1 in Maces & Flails
  1325 | D:2      | Reached skill level 1 in Polearms
  1325 | D:2      | Reached skill level 1 in Staves
  1325 | D:2      | Reached skill level 1 in Slings
  1325 | D:2      | Reached skill level 1 in Bows
  1325 | D:2      | Reached skill level 1 in Crossbows
  1325 | D:2      | Reached skill level 1 in Throwing
  1325 | D:2      | Reached skill level 1 in Armour
  1325 | D:2      | Reached skill level 1 in Shields
  1325 | D:2      | Reached skill level 1 in Unarmed Combat
  1325 | D:2      | Reached skill level 1 in Evocations
  1503 | D:2      | Reached XP level 4. HP: 31/32 MP: 8/11
  1606 | D:2      | Learned a level 4 spell: Animate Dead
  1960 | D:3      | Reached skill level 1 in Conjurations
  1960 | D:3      | Reached skill level 1 in Hexes
  1960 | D:3      | Reached skill level 1 in Charms
  1960 | D:3      | Reached skill level 1 in Summonings
  1960 | D:3      | Reached skill level 1 in Translocations
  1960 | D:3      | Reached skill level 1 in Transmutations
  1960 | D:3      | Reached skill level 1 in Fire Magic
  1960 | D:3      | Reached skill level 1 in Ice Magic
  1960 | D:3      | Reached skill level 1 in Air Magic
  1960 | D:3      | Reached skill level 1 in Earth Magic
  1960 | D:3      | Reached skill level 1 in Poison Magic
  2165 | D:3      | Reached XP level 5. HP: 33/37 MP: 7/12
  2186 | D:3      | Noticed Robin
  2193 | D:3      | Killed Robin
  2381 | D:3      | Gained mutation: You have large cloven feet. [potion of
                  | mutation]
  2381 | D:3      | Gained mutation: You are dopey. (Int -2) [potion of
                  | mutation]
  2381 | D:3      | Gained mutation: You have supernaturally acute eyesight.
                  | (SInv) [potion of mutation]
  2974 | D:3      | Reached XP level 6. HP: 41/44 MP: 8/13
  2981 | D:3      | Learned a level 5 spell: Bolt of Draining
  3100 | D:4      | Noticed a phantom
  3164 | D:4      | Learned a level 3 spell: Regeneration
  3183 | D:4      | Slain by a phantom

Skill      XL: |  1  2  3  4  5  6 |
---------------+-------------------+-----
Spellcasting   | 5 |  5.3
Invocations    | 1 2 |  2.0
Fighting       | 1 |  1.8
Short Blades   | 1 |  1.8
Long Blades    | 1 |  1.8
Axes           | 1 |  1.8
Maces & Flails | 1 |  1.8
Polearms       | 1 |  1.8
Staves         | 1 |  1.8
Slings         | 1 |  1.8
Bows           | 1 |  1.8
Crossbows      | 1 |  1.8
Throwing       | 1 |  1.8
Armour         | 1 |  1.8
Shields        | 1 |  1.8
Unarmed Combat | 1 |  1.8
Evocations     | 1 |  1.8
Conjurations   | 1 |  1.4
Hexes          | 1 |  1.4
Charms         | 1 |  1.4
Summonings     | 1 |  1.4
Translocations | 1 |  1.4
Transmutations | 1 |  1.4
Fire Magic     | 1 |  1.4
Ice Magic      | 1 |  1.4
Air Magic      | 1 |  1.4
Earth Magic    | 1 |  1.4
Poison Magic   | 1 |  1.4
Dodging        | |  4.9
Stealth        | |  4.9
Necromancy     | |  7.2

Action                   |  1- 3 |  4- 6 || total
-------------------------+-------+-------++-------
Melee: Dagger            |    11 |       ||    11
       Bite              |     1 |       ||     1
       Scythe            |       |     2 ||     2
       Mace              |       |    10 ||    10
       Kick              |       |     3 ||     3
 Cast: Pain              |    61 |    78 ||   139
       Animate Dead      |       |     7 ||     7
       Regeneration      |       |     1 ||     1
  Use: Scroll            |       |     7 ||     7
       Potion            |       |     4 ||     4
 Stab: Sleeping          |       |     1 ||     1
  Eat: Chunk             |     2 |     4 ||     6
Armor: Robe              |     8 |     8 ||    16
Dodge: Dodged            |    42 |    44 ||    86
